Map: [ESL] Gresvan

Players

Lambo - Winner!

  • Race: Zerg Zerg
  • League: Master
  • Spawn Location: 5:00

LiquidElazer (Elazer)

  • Race: Zerg Zerg
  • League: Master
  • Spawn Location: 11:00

Event: HomeStory Cup XXIII

VOD

Have the link to the VOD?

Description

Time

  • Played on: July 2, 2023, 11:38 a.m.
  • Length: 20:27

All games in this series

Show
View Real Time Build Order
Export as new Build Order

Lambo Zerg - Winner!

Build Orders: Hatch First, Lurkers 

Get SALT Encoding   

  12  0:00  Drone  
  13  0:12  Overlord  
  13  0:17  Drone  
  14  0:30  Drone x2  
  16  0:47  Hatchery  
  15  0:50  Drone  
  15  0:53  Drone  
  15  0:56  Drone  
  18  1:07  Extractor  
  17  1:11  Spawning Pool  
  17  1:15  Drone  
  17  1:18  Drone  
  18  1:27  Drone  
  19  1:39  Drone  
  20  1:49  Drone  
  21  1:59  Queen x2  
  21  2:00  Overlord, Zergling x2  
  26  2:07  Metabolic Boost  
  26  2:10  Drone x2  
  28  2:20  Drone  
  28  2:21  Zergling x2  
  30  2:32  Drone x2  
  32  2:37  Hatchery  
  32  2:42  Drone  
  32  2:47  Baneling Nest  
  32  2:49  Overlord  
  31  2:57  Drone  
  31  2:58  Overlord  
  31  3:04  Drone  
  31  3:05  Queen  
  32  3:09  Drone  
  32  3:12  Zergling x4  
  37  3:14  Zergling x2  
  38  3:20  Drone x2  
  38  3:23  Zergling x2  
  38  3:24  Drone  
  38  3:25  Drone  
  43  3:32  Baneling  
  43  3:36  Drone x2  
  43  3:38  Drone  
  43  3:41  Drone x4  
  50  3:43  Drone  
  50  3:45  Drone  
  52  3:50  Drone x2, Evolution Chamber  
  52  3:54  Extractor  
  52  3:57  Overlord  
  52  4:02  Drone x2  
  54  4:09  Drone x2  
  56  4:12  Drone x2  
  56  4:16  Zerg Missile Weapons Level 1  
  58  4:19  Roach Warren  
  58  4:20  Drone x5  
  58  4:22  Drone  
  62  4:24  Drone x2  
  64  4:35  Drone x2  
  64  4:36  Lair  
  66  4:40  Extractor  
  66  4:42  Drone  
  66  4:46  Overlord  
  66  4:47  Extractor, Overlord  
  66  4:48  Pneumatized Carapace  
  66  4:50  Drone  
  65  4:52  Extractor  
  65  4:53  Drone  
  65  4:54  Extractor, Drone  
  65  4:57  Overlord  
  65  5:05  Drone x8  
  73  5:09  Drone  
  73  5:13  Drone  
  77  5:14  Drone x2  
  77  5:16  Drone  
  77  5:19  Drone  
  77  5:20  Overlord  
  79  5:22  Hatchery  
  79  5:23  Roach x4  
  86  5:29  Drone  
  86  5:34  Roach, Overlord  
  86  5:35  Overseer  
  89  5:36  Overlord  
  89  5:37  Glial Reconstitution  
  89  5:39  Overlord  
  89  5:42  Overlord  
  89  5:43  Queen  
  89  5:45  Overlord  
  89  5:47  Evolution Chamber  
  89  5:48  Baneling  
  89  5:49  Roach  
  92  5:50  Overlord  
  92  5:53  Roach x2  
  96  5:59  Roach  
  96  6:00  Roach x3  
  96  6:03  Roach x2  
  103  6:05  Drone x2  
  103  6:06  Infestation Pit  
  103  6:09  Ravager  
  104  6:11  Ravager  
  104  6:12  Roach  
  104  6:13  Roach x4  
  111  6:21  Roach  
  111  6:23  Queen x3  
  113  6:28  Spore Crawler  
  113  6:30  Spore Crawler  
  113  6:32  Spore Crawler  
  110  6:33  Spore Crawler  
  110  6:37  Drone x2  
  110  6:39  Queen  
  113  6:43  Drone x2  
  113  6:44  Zerg Ground Armor Level 1  
  113  6:46  Drone x2  
  117  6:50  Spore Crawler  
  117  6:51  Roach  
  117  6:52  Roach  
  117  6:53  Infestor x2  
  124  6:58  Infestor  
  124  6:59  Overlord, Spore Crawler  
  127  7:06  Overlord  
  127  7:07  Overlord  
  127  7:11  Drone x2  
  127  7:12  Extractor, Drone x3  
  131  7:16  Spore Crawler  
  131  7:17  Spore Crawler  
  131  7:19  Tunneling Claws, Hive  
  131  7:20  Burrow  
  131  7:22  Roach x2  
  131  7:27  Spore Crawler  
  131  7:34  Drone x4  
  131  7:35  Drone x3  
  137  7:37  Extractor  
  137  7:39  Roach x5  
  137  7:40  Spore Crawler  
  145  7:44  Spore Crawler  
  145  7:49  Roach  
  145  7:50  Roach x4  
  152  7:56  Extractor  
  152  8:00  Roach x2  
  152  8:01  Overlord  
  152  8:04  Overlord  
  156  8:05  Hydralisk Den  
  156  8:09  Overlord  
  156  8:10  Overlord x2  
  155  8:16  Spore Crawler  
  155  8:18  Spore Crawler  
  155  8:19  Queen  
  157  8:20  Spore Crawler  
  157  8:26  Drone x3  
  151  8:34  Roach x7  
  151  8:40  Queen x2  
  154  8:41  Roach x5  
  154  8:43  Roach x24  
  154  8:46  Roach x29  
  154  8:48  Roach x6, Muscular Augments  
  160  8:50  Lurker Den  
  160  8:51  Viper x3  
  162  9:07  Infestor x2  
  162  9:08  Roach  
  162  9:09  Roach x4  
  172  9:10  Roach x8  
  172  9:12  Drone x2  
  172  9:14  Roach x2, Hatchery  
  177  9:20  Zerg Missile Weapons Level 2  
  177  9:29  Roach x2  
  177  9:31  Queen  
  173  9:33  Roach x2  
  173  9:35  Roach x6  
  177  9:40  Ravager x2  
  177  9:44  Hydralisk x2  
  181  9:48  Ravager  
  181  9:49  Ravager  
  179  9:53  Hydralisk  
  179  9:54  Hydralisk x2  
  179  9:56  Roach x3  
  179  9:59  Overlord  
  185  10:00  Overlord  
  185  10:06  Overlord  
  183  10:13  Overlord  
  181  10:17  Hydralisk x5  
  181  10:20  Hatchery  
  190  10:26  Hydralisk x4  
  194  10:31  Seismic Spines  
  194  10:36  Drone x2  
  194  10:39  Hydralisk x2  
  194  10:40  Extractor  
  197  10:51  Hydralisk  
  197  10:55  Drone  
  200  10:57  Spine Crawler  
  200  11:02  Lurker  
  197  11:18  Lurker  
  197  11:19  Lurker x2  
  200  11:28  Adaptive Talons  
  200  11:39  Roach x2  
  196  11:49  Zerg Missile Weapons Level 3  
  196  11:51  Hydralisk x4  
  195  12:02  Grooved Spines  
  195  12:05  Hydralisk x4  
  191  12:12  Lurker  
  191  12:13  Lurker x3  
  195  12:19  Lurker  
  195  12:20  Lurker  
  197  12:33  Roach  
  197  12:35  Overlord, Spine Crawler  
  197  12:37  Overlord  
  185  12:40  Overlord x2  
  185  12:42  Roach x2  
  185  12:43  Evolution Chamber  
  188  12:48  Lurker x2  
  186  12:51  Overlord  
  184  13:04  Roach x4  
  184  13:05  Roach x7  
  194  13:08  Roach x3  
  194  13:11  Roach x6  
  191  13:16  Lurker x4  
  191  13:17  Roach x4  
  191  13:18  Roach x5  
  184  13:20  Roach  
  184  13:21  Roach x7  
  194  13:41  Hydralisk  
  194  13:42  Hydralisk x2  
  194  13:43  Overseer  
  200  13:52  Roach x2  
  194  13:57  Viper x2  
  194  14:00  Hydralisk x10  
  197  14:05  Drone x3  
  197  14:07  Extractor  
  197  14:08  Extractor  
  198  14:15  Drone x2  
  198  14:26  Zerg Ground Armor Level 2  
  198  14:31  Hydralisk x3  
  193  14:37  Drone  
  200  14:40  Hatchery, Overseer  
  200  14:42  Roach x12  
  200  14:43  Hydralisk  
  200  14:44  Hydralisk x2  
  199  14:47  Lurker  
  199  14:51  Overseer  
  200  15:04  Roach  
  179  15:40  Hydralisk  
  179  15:41  Hydralisk x8  
  182  15:46  Drone x9  
  182  16:00  Overlord  
  182  16:12  Spine Crawler  
  182  16:17  Overseer  
  181  16:18  Hatchery  
  181  16:20  Overseer x3  
  176  16:38  Overlord  
  166  16:53  Overlord x6  
  164  17:01  Hydralisk  
  156  17:02  Overlord  
  156  17:06  Zerg Ground Armor Level 3  
  156  17:08  Evolution Chamber x2  
  156  17:09  Extractor  
  156  17:10  Hydralisk x4  
  156  17:12  Lurker  
  156  17:13  Hydralisk x13, Lurker x2  
  192  17:17  Lurker x2  
  194  17:24  Lurker x2  
  184  17:30  Lurker x2  
  184  17:31  Hydralisk x2  
  184  17:32  Hydralisk x5  
  198  17:37  Drone x2  
  200  17:47  Overseer  
  181  18:43  Overseer x4  
  181  18:48  Viper x3  
  169  19:08  Viper x3  
  173  19:11  Drone x3  
  173  19:16  Overlord, Overseer  
  176  19:17  Roach x5  
  176  19:18  Roach x2  
  190  19:28  Extractor  
  190  19:30  Extractor  
  186  19:33  Overseer  
  186  19:51  Hydralisk x6  
  186  20:24  Lurker x2  
Show
View Real Time Build Order
Export as new Build Order

LiquidElazer Zerg 

Build Orders: Hatch First, Lurkers 

Get SALT Encoding   

  12  0:00  Drone  
  13  0:12  Overlord  
  13  0:17  Drone  
  14  0:31  Drone x2  
  16  0:48  Hatchery  
  15  0:51  Drone  
  15  0:55  Drone  
  17  0:58  Drone  
  18  1:10  Extractor  
  17  1:13  Spawning Pool  
  17  1:16  Drone  
  17  1:19  Drone  
  18  1:28  Drone  
  19  1:38  Drone  
  20  1:49  Drone  
  21  1:59  Queen  
  21  2:00  Queen  
  21  2:01  Zergling x2  
  26  2:03  Overlord  
  26  2:10  Metabolic Boost  
  26  2:11  Drone x2  
  28  2:23  Zergling x2  
  28  2:24  Drone  
  30  2:32  Hatchery  
  30  2:35  Drone  
  30  2:37  Drone  
  31  2:46  Baneling Nest  
  31  2:48  Overlord  
  31  2:51  Drone  
  31  2:57  Drone x2  
  32  3:05  Drone x2  
  34  3:07  Drone  
  34  3:08  Drone  
  34  3:10  Overlord  
  36  3:14  Zergling x2  
  36  3:17  Queen  
  40  3:20  Zergling x2  
  40  3:22  Zergling x2  
  41  3:31  Zergling x4  
  41  3:33  Drone x2  
  45  3:39  Drone x5  
  45  3:40  Baneling  
  50  3:44  Drone  
  50  3:45  Drone x2  
  53  3:58  Roach Warren  
  53  4:00  Drone x4  
  56  4:04  Lair  
  56  4:07  Drone x2  
  58  4:12  Overlord  
  57  4:21  Overlord  
  57  4:25  Extractor  
  57  4:26  Extractor  
  57  4:27  Drone x2  
  57  4:31  Overlord  
  57  4:32  Drone x3  
  57  4:33  Drone x5  
  65  4:40  Drone x3  
  65  4:44  Extractor  
  67  4:49  Evolution Chamber  
  67  4:50  Drone x5  
  71  4:53  Drone x4  
  71  4:55  Extractor x2  
  73  5:00  Overlord  
  73  5:01  Drone x2  
  73  5:03  Spire  
  73  5:04  Drone  
  73  5:05  Drone x2  
  77  5:13  Drone x2  
  78  5:18  Overlord  
  78  5:20  Zergling x6  
  81  5:25  Zergling x2  
  81  5:26  Zergling x6  
  85  5:32  Zergling x8  
  89  5:41  Zergling x6  
  91  5:48  Overlord  
  91  5:49  Overlord  
  91  5:50  Baneling  
  91  5:51  Hatchery, Baneling x2  
  90  6:02  Overlord x2  
  79  6:18  Mutalisk x9  
  79  6:23  Mutalisk x2  
  99  6:26  Drone x3  
  99  6:28  Zerg Flyer Weapons Level 1  
  99  6:32  Drone x3  
  105  6:33  Mutalisk  
  105  6:37  Overlord  
  105  6:39  Drone  
  108  6:40  Extractor  
  108  6:44  Drone x4  
  108  6:46  Extractor  
  110  6:48  Mutalisk  
  112  6:56  Mutalisk x3  
  112  6:59  Overlord  
  112  7:00  Drone x4  
  122  7:02  Drone  
  122  7:03  Drone  
  122  7:07  Centrifugal Hooks  
  124  7:10  Overlord  
  124  7:11  Mutalisk  
  124  7:12  Mutalisk  
  124  7:14  Overlord  
  128  7:16  Drone x3  
  131  7:23  Mutalisk x2  
  131  7:24  Overlord  
  131  7:25  Overlord, Hatchery  
  134  7:30  Zergling x2  
  134  7:31  Zergling x10  
  140  7:38  Overlord  
  140  7:39  Glial Reconstitution  
  140  7:40  Zerg Missile Weapons Level 1  
  140  7:41  Zergling x6  
  143  7:44  Zergling x4  
  143  7:50  Overlord x2  
  145  7:57  Hatchery  
  144  8:00  Overlord  
  144  8:03  Roach x6  
  156  8:11  Baneling x23  
  156  8:13  Roach x7  
  156  8:14  Baneling  
  156  8:15  Baneling  
  170  8:21  Baneling x4  
  170  8:22  Baneling x2  
  170  8:25  Roach x2  
  168  8:41  Roach x15  
  176  8:45  Roach x2  
  181  8:48  Roach x2  
  181  8:54  Roach x3  
  179  9:04  Pneumatized Carapace, Overseer  
  179  9:05  Roach x7  
  189  9:11  Infestation Pit  
  189  9:12  Evolution Chamber  
  185  9:17  Overseer  
  185  9:21  Drone x5  
  186  9:26  Roach x8  
  197  9:52  Ravager x3  
  200  9:53  Zerg Missile Weapons Level 2, Hive, Zerg Ground Armor Level 1  
  200  9:58  Drone x4  
  200  9:59  Hydralisk Den  
  195  10:07  Spine Crawler  
  195  10:08  Spine Crawler  
  195  10:09  Drone x6, Spine Crawler  
  195  10:11  Spore Crawler  
  195  10:12  Drone x2  
  195  10:13  Drone  
  195  10:14  Spine Crawler x2  
  199  10:15  Spine Crawler  
  199  10:20  Spine Crawler  
  199  10:21  Spore Crawler, Spine Crawler  
  195  10:22  Spine Crawler  
  173  10:31  Roach x16  
  199  10:36  Muscular Augments  
  199  10:37  Lurker Den  
  194  10:50  Hydralisk x3  
  194  10:59  Ravager  
  194  11:00  Ravager x2  
  194  11:01  Ravager x2  
  199  11:10  Hydralisk x3  
  199  11:30  Hydralisk x2  
  194  11:47  Grooved Spines  
  194  11:50  Seismic Spines  
  186  11:56  Overseer  
  186  11:59  Hydralisk x7, Overseer  
  200  12:08  Spine Crawler x2  
  196  12:09  Spine Crawler  
  196  12:12  Spine Crawler, Zerg Missile Weapons Level 3, Zerg Ground Armor Level 2  
  194  12:34  Viper x3  
  195  12:37  Viper  
  195  12:41  Extractor  
  195  12:42  Extractor  
  194  12:47  Spine Crawler  
  194  12:48  Adaptive Talons  
  194  12:51  Spine Crawler  
  160  13:16  Hydralisk x12  
  168  13:25  Lurker x4  
  172  13:31  Drone x6  
  172  13:32  Drone x2  
  176  13:35  Drone  
  176  13:37  Drone x3  
  176  13:42  Hatchery  
  156  14:04  Lurker x5  
  156  14:05  Hydralisk x10  
  156  14:07  Drone x3  
  156  14:08  Drone x6  
  190  14:17  Overlord x2, Hatchery  
  180  14:40  Hydralisk  
  180  14:41  Hydralisk x6  
  185  14:54  Lurker x5  
  187  15:21  Overlord x2  
  187  15:23  Zerg Ground Armor Level 3  
  126  15:44  Hydralisk x19  
  145  15:58  Hydralisk x5  
  145  16:01  Drone x2  
  157  16:08  Drone x5  
  162  16:11  Lurker x2  
  162  16:12  Lurker  
  163  16:26  Lurker x3  
  163  16:27  Lurker  
  164  16:46  Hydralisk x9  
  144  16:52  Hydralisk x3  
  153  17:06  Nydus Network, Overseer  
  153  17:08  Drone x2  
  154  17:10  Extractor, Drone x3  
  154  17:11  Drone x7  
  163  17:15  Lurker  
  163  17:16  Lurker x2  
  166  17:31  Hatchery  
  165  17:37  Lurker x5  
  165  17:42  Lurker  
  171  17:46  Drone x3  
  174  17:56  Hatchery  
  174  17:58  Nydus Canal  
  173  17:59  Hydralisk  
  173  18:00  Overlord  
  173  18:01  Overlord x2  
  163  18:27  Nydus Canal  
  163  18:32  Hydralisk x9  
  149  18:50  Hydralisk x5  
  149  18:54  Overlord  
  149  18:55  Overseer x2  
  151  19:16  Nydus Canal  
  151  19:18  Lurker  
  151  19:19  Lurker x6  
  158  19:25  Overseer  
  158  19:27  Hydralisk x3  
  158  19:35  Hydralisk x2  
  158  19:36  Extractor  
  158  19:38  Extractor, Hatchery  
  159  19:48  Hydralisk x3  
  162  20:04  Nydus Canal  
Tags
 
Add a new tag
Caveats
  • Supply blocks, unpowered buildings, or Contaminate may cause inaccurate times.
  • Supply counts are checked every 10 seconds.